 Dungeon Crawl Stone Soup version 0.30-a0-170-g85af917532 (webtiles) character file.

Game seed: 13371371929637730438

5823 qw the Cleaver (level 10, -5/64 HPs)
             Began as a Gargoyle Fighter on Oct 1, 2022.
             Was a Believer of Okawaru.
             Slain by a boulder beetle (24 damage)
             ... on level 8 of the Dungeon.
             The game lasted 00:03:20 (9074 turns).

qw the Cleaver (Gargoyle Fighter)                   Turns: 9074, Time: 00:03:21

Health: -5/64      AC: 29    Str: 23    XL:     10   Next: 80%
Magic:  11/13      EV:  8    Int: 10    God:    Okawaru [**....]
Gold:   330        SH:  6    Dex:  9    Spells: 9/9 levels left

rFire   . . .      SeeInvis .    Y - +0 war axe (chaos)
rCold   + . .      Faith    .    c - +0 buckler
rNeg    + . .      Spirit   .    e - +0 plate armour
rPois   inf        Reflect  .    i - +1 helmet
rElec   +          Harm     .    h - +0 cloak
rCorr   .          Rampage  .    (no gloves)
Will    .....                    b - +1 pair of boots "Bytutant" {rPois}
Stlth   ..........               (no amulet)
HPRegen 0.20/turn                m - ring of protection from cold
MPRegen 0.13/turn                (no ring)

@: heroic
A: sickness immunity, AC +7, negative energy resistance 1, electricity
resistance, torment resistance 1, petrification resistance
a: Renounce Religion, Heroism


You were on level 8 of the Dungeon.
You worshipped Okawaru.
Okawaru was pleased with you.
You visited 2 branches of the dungeon, and saw 9 of its levels.

You collected 393 gold pieces.
You spent 63 gold pieces at shops.


Innate Abilities, Weirdness & Mutations

You are immune to sickness and miasma.
Your stone body is resilient. (AC +7)
You are immune to poison.
You resist negative energy. (rN+)
You are resistant to electric shocks. (rElec)
You are resistant to unholy torment.
You are immune to petrification.


   Skills:
 - Level 8.2(13.2) Fighting
 - Level 11.1(16.1) Axes
 + Level 7.0(12.0) Armour
 - Level 1.1(6.1) Dodging
 - Level 5.0(10.0) Shields
 - Level 4.0 Invocations


You had 9 spell levels left.
You didn't know any spells.
Your spell library was empty.

Inventory:

Hand Weapons
 j - a +2 flail of draining
 Y - a +0 war axe of chaos (weapon)
Armour
 b - the +1 pair of boots "Bytutant" (worn) {rPois}
   (You acquired it on level 1 of the Dungeon)

   rPois:     It protects you from poison.
 c - a +0 buckler (worn)
 e - a +0 plate armour (worn)
 h - a +0 cloak (worn)
 i - a +1 helmet (worn)
 o - a scarf of repulsion
Jewellery
 m - a ring of protection from cold (left hand)
 p - a ring of resist corrosion
Scrolls
 a - a scroll of identify
 f - 3 scrolls of teleportation
Potions
 d - 2 potions of might
 g - a potion of lignification
 k - a potion of haste
 l - 2 potions of attraction
 n - a potion of mutation
 q - 7 potions of curing
 r - a potion of heal wounds {unknown}

Dungeon Overview and Level Annotations

Branches:
Dungeon (8/15)             Temple (1/1) D:6
   Lair: D:8-11

Altars:
Ashenzari
Cheibriados
Dithmenos
Elyvilon
Fedhas
Gozag
Hepliaklqana
Kikubaaqudgha
Makhleb
Nemelex Xobeh
Okawaru
Qazlal
Ru
Sif Muna
Trog
Uskayaw
Vehumet
Wu Jian
Xom
Yredelemnul
Zin
The Shining One

Shops:
D:5 *

Annotations:
D:3 2 runed translucent doors, qw's ghost, weakling GrFi
D:6 1 runed translucent door, qw's ghost, novice GrFi
D:7 3 runed translucent doors, qw's ghost, novice GrFi


Message History

There is an open door, spattered with blood here.
Items here: %% )) [[.
There is an open door here.
As you open the door, it creaks loudly!
Found 3 poisoned darts.
There is an open door here.
You see here 3 poisoned darts.
Found a wand of iceblast (7).
Found a stone staircase leading down.
Enter note:
q - 7 potions of curing (gained 1)
You open the door.
Found a scale mail.
There is an open door here.
Found an ornate altar of the Wu Jian Council.
There is an open door here.
You open the door.
A boulder beetle comes into view.
9054 ||| INVOKING Heroism.
You gain the combat prowess of a mighty hero.
The boulder beetle leaps!
A boulder beetle is nearby!
The boulder beetle leaps!
The boulder beetle curls into a ball and begins rolling!
You feel like a meek peon again.
9066 ||| INVOKING Heroism.
You gain the combat prowess of a mighty hero.
The boulder beetle hits you!!!
Ouch! That really hurt!
The boulder beetle stops rolling and uncurls.
You hit the boulder beetle but do no damage.
The boulder beetle closely misses you.
You hit the boulder beetle.
The boulder beetle is poisoned.
The boulder beetle is lightly wounded.
The boulder beetle bites you!
You hit the boulder beetle but do no damage.
The boulder beetle is lightly wounded.
The boulder beetle leaps!
The boulder beetle curls into a ball and begins rolling!
The boulder beetle hits you!!
You die...

#....#..........[#
##...##)...##.....# .
#....########.....# ..
#...##....#......#
...##...##...(#....:.#
..............'...####
........########..#¤#
........##....##.#####
...##..@B000./>###...###
## ##'###.....#¤#._.#¤#
#.. #.....####.#### ....
#....###¤#.#¤# .....
##....#####.### .......
#......#..#.## .......
#......#.....# .......
#......'..[..#
##############


You could see a boulder beetle (rolling, very poisoned).

Vanquished Creatures
  A hydra (D:8)
  Prince Ribbit (D:6)
  A wraith (D:7)
  A wyvern (D:8)
  A yak (D:8)
  Edmund (D:4)
  A steam dragon (D:7)
  3 water moccasins
  2 ice beasts
  3 black bears
  2 orc warriors
  4 sky beasts
  4 centaurs
  2 phantoms
  4 kobold brigands
  6 bullfrogs
  4 necrophages
  4 scorpions
  9 wights
  An electric eel (D:7)
  2 howler monkeys
  2 jellies
  A hound (D:6)
  2 orc priests
  2 gnoll boudas (D:7)
  3 iguanas (D:5)
  7 orc wizards
  Robin (D:3)
  12 gnolls
  5 adders
  2 shadow imps
  5 white imps
  2 ufetubi
  A worm (D:3)
  A dart slug (D:1)
  23 orcs
  5 ball pythons
  5 endoplasms
  2 giant cockroaches
  20 goblins
  7 hobgoblins
  6 quokkas
  A bat (D:2)
  2 frilled lizards
  9 kobolds
  4 rats
187 creatures vanquished.

Vanquished Creatures (collateral kills)
  A necrophage (D:5)
1 creature vanquished.

Vanquished Creatures (others)
  5 fungi (D:6)
  5 plants
10 creatures vanquished.

Grand Total: 198 creatures vanquished

Notes
Turn   | Place    | Note
-------+----------+-------------------------------------------
     0 | D:1      | qw the Gargoyle Fighter began the quest for the Orb.
     0 | D:1      | Reached XP level 1. HP: 14/14 MP: 1/1
     0 | D:1      | 0 ||| qw: Version: 0.2-a-13-gfc7b4b4
     0 | D:1      | 0 ||| qw: Game counter: 1709
     0 | D:1      | 0 ||| qw: Always use a shield: true
     0 | D:1      | 0 ||| qw: God list: Okawaru
     0 | D:1      | 0 ||| qw: Allow faded altars: false
     0 | D:1      | 0 ||| qw: Do Orc after D:15 true
     0 | D:1      | 0 ||| qw: Do second Lair branch before Depths: true
     0 | D:1      | 0 ||| qw: Lair rune preference: random
     0 | D:1      | 0 ||| qw: Plans: Normal, Zot:1-4, God:TSO, Crypt, Tomb,
                  | Pan, Slime:5, Hells, Abyss, Orb
     0 | D:1      | 0 ||| PLANNING D:1-11
   299 | D:1      | Reached skill level 2 in Axes
   480 | D:1      | Reached XP level 2. HP: 18/19 MP: 2/2
  1101 | D:1      | 1101 ||| UPGRADING to +0 chain mail.
  1111 | D:1      | 1111 ||| DROPPING +0 scale mail.
  1112 | D:1      | 1112 ||| DROPPING +6 ring of intelligence.
  1113 | D:1      | 1113 ||| READING 2 scrolls labelled NEETU MAOJEFE.
  1114 | D:1      | 1114 ||| READING 2 scrolls labelled TOMNITTY SIPI.
  1115 | D:1      | 1115 ||| READING scroll labelled YMAINN QITE.
  1116 | D:1      | 1116 ||| READING scroll labelled TAEZUW FINNAOP.
  1116 | D:1      | Identified a scroll of acquirement
  1116 | D:1      | 1116 ||| ACQUIRING +1 pair of boots "Bytutant" {rPois}
  1116 | D:1      | Acquired the +1 pair of boots "Bytutant" {rPois}
  1118 | D:1      | 1118 ||| UPGRADING to +1 pair of boots "Bytutant" {rPois}.
  1123 | D:1      | 1123 ||| READING scroll labelled YLATOVISIA.
  1128 | D:1      | 1128 ||| READING scroll labelled ZAIFIMP YTHI.
  1129 | D:1      | 1129 ||| DRINKING 2 fuming puce potions.
  1130 | D:1      | 1130 ||| DRINKING 2 cyan potions.
  1234 | D:1      | 1234 ||| DRINKING 2 viscous ruby potions.
  1235 | D:1      | 1235 ||| DROPPING scroll of poison.
  1236 | D:1      | 1236 ||| DROPPING potion of berserk rage.
  1255 | D:2      | 1255 ||| STAIRDANCE
  1267 | D:1      | Reached skill level 3 in Axes
  1267 | D:1      | Reached XP level 3. HP: 19/23 MP: 3/3
  1414 | D:2      | Found a blossoming altar of Fedhas.
  1783 | D:2      | 1783 ||| Stepping ~*~*~tactically~*~*~ (stealth).
  1789 | D:2      | 1789 ||| Stepping ~*~*~tactically~*~*~ (stealth).
  1929 | D:2      | 1929 ||| UPGRADING to +0 cloak.
  1934 | D:2      | 1934 ||| READING scroll labelled TUGECS UGECIEWUSK.
  1935 | D:2      | 1935 ||| READING scroll labelled URIWEPL HAENGI.
  1936 | D:2      | 1936 ||| READING scroll labelled SOGOOST JAISS.
  1937 | D:2      | 1937 ||| READING 3 scrolls of identify.
  1937 | D:2      | 1937 ||| IDENTIFYING amethyst potion
  1938 | D:2      | 1938 ||| READING 2 scrolls of identify.
  1938 | D:2      | 1938 ||| IDENTIFYING emerald potion
  1939 | D:2      | 1939 ||| DROPPING potion of magic.
  1952 | D:3      | 1952 ||| Stepping ~*~*~tactically~*~*~ (hiding).
  1960 | D:3      | Reached skill level 4 in Axes
  1960 | D:3      | Reached XP level 4. HP: 28/28 MP: 4/4
  2092 | D:3      | 2092 ||| Stepping ~*~*~tactically~*~*~ (stealth).
  2095 | D:3      | 2095 ||| Stepping ~*~*~tactically~*~*~ (stealth).
  2098 | D:3      | Noticed Robin
  2099 | D:3      | 2099 ||| Stepping ~*~*~tactically~*~*~ (hiding).
  2107 | D:3      | Killed Robin
  2175 | D:3      | Found a large runed translucent door.
  2175 | D:3      | Found a large runed translucent door.
  2179 | D:3      | Noticed qw's ghost (weakling GrFi)
  2286 | D:3      | 2286 ||| Stepping ~*~*~tactically~*~*~ (stealth).
  2287 | D:3      | 2287 ||| Stepping ~*~*~tactically~*~*~ (stealth).
  2288 | D:3      | 2288 ||| Stepping ~*~*~tactically~*~*~ (stealth).
  2294 | D:3      | Reached XP level 5. HP: 23/32 MP: 5/5
  2518 | D:3      | 2518 ||| DROPPING +0 whip.
  2557 | D:3      | 2557 ||| Stepping ~*~*~tactically~*~*~ (water).
  2565 | D:3      | Reached skill level 5 in Axes
  3193 | D:3      | 3193 ||| UPGRADING to +0 helmet.
  3198 | D:3      | 3198 ||| READING scroll labelled EMISAM YCHUPRI.
  3199 | D:3      | 3199 ||| READING scroll labelled FOVOGERRECU.
  3200 | D:3      | 3200 ||| READING 3 scrolls of identify.
  3200 | D:3      | 3200 ||| IDENTIFYING blue potion
  3201 | D:3      | 3201 ||| READING 2 scrolls of identify.
  3201 | D:3      | 3201 ||| IDENTIFYING yellow potion
  3202 | D:3      | 3202 ||| DROPPING potion of ambrosia.
  3279 | D:4      | 3279 ||| READING scroll of enchant armour.
  3279 | D:4      | 3279 ||| ENCHANTING +0 helmet.
  3363 | D:4      | Reached XP level 6. HP: 38/39 MP: 6/6
  3805 | D:4      | Noticed Edmund
  3817 | D:4      | Killed Edmund
  3818 | D:4      | Reached skill level 6 in Axes
  3818 | D:4      | Reached XP level 7. HP: 22/44 MP: 7/7
  3976 | D:4      | 3976 ||| DROPPING +0 flail.
  4018 | D:4      | 4018 ||| UPGRADING to +0 plate armour.
  4028 | D:4      | 4028 ||| DROPPING +0 chain mail.
  4029 | D:4      | 4029 ||| READING scroll labelled YTANEL XIOPING.
  4030 | D:4      | 4030 ||| READING 2 scrolls of identify.
  4030 | D:4      | 4030 ||| IDENTIFYING white potion
  4031 | D:4      | 4031 ||| DROPPING potion of degeneration.
  4039 | D:5      | Entered Level 5 of the Dungeon
  4176 | D:5      | 4176 ||| Stepping ~*~*~tactically~*~*~ (hiding).
  4335 | D:5      | 4335 ||| Stepping ~*~*~tactically~*~*~ (hiding).
  4346 | D:5      | Reached skill level 7 in Axes
  4618 | D:5      | Found Upneppia's Assorted Antiques.
  4627 | D:5      | Reached XP level 8. HP: 42/49 MP: 8/8
  4671 | D:5      | 4671 ||| BUYING murky puce potion (19 gold).
  4671 | D:5      | Bought a murky puce potion for 19 gold pieces
  4671 | D:5      | 4671 ||| SHOPLISTING pair of ancient gloves (209 gold, have
                  | 193).
  4671 | D:5      | 4671 ||| SHOPLISTING potion of resistance (220 gold, have
                  | 193).
  4671 | D:5      | 4671 ||| BUYING scroll of identify (44 gold).
  4671 | D:5      | Bought a scroll of identify for 44 gold pieces
  4774 | D:5      | Reached skill level 1 in Dodging
  4854 | D:5      | 4854 ||| Stepping ~*~*~tactically~*~*~ (stealth).
  5106 | D:5      | 5106 ||| READING scroll labelled QARYOL DESOJEM.
  5107 | D:5      | 5107 ||| READING scroll labelled KIPPOK POT SOQIJIH.
  5108 | D:5      | 5108 ||| READING 2 scrolls of identify.
  5108 | D:5      | 5108 ||| IDENTIFYING lumpy red potion
  5374 | D:6      | Reached skill level 8 in Axes
  5608 | D:6      | 5608 ||| Stepping ~*~*~tactically~*~*~ (stealth).
  5610 | D:6      | 5610 ||| Stepping ~*~*~tactically~*~*~ (stealth).
  5622 | D:6      | Reached skill level 6 in Fighting
  5687 | D:6      | Found a staircase to the Ecumenical Temple.
  5688 | D:6      | 5688 ||| PLANNING TEMPLE
  5695 | Temple   | Entered the Ecumenical Temple
  5699 | Temple   | 5699 ||| PLANNING OKAWARU WORSHIP
  5890 | Temple   | Became a worshipper of Warmaster Okawaru
  5891 | Temple   | 5891 ||| PLANNING D:1-11
  5919 | D:6      | Reached XP level 9. HP: 50/56 MP: 9/9
  5956 | D:6      | 5956 ||| Stepping ~*~*~tactically~*~*~ (hiding).
  5969 | D:6      | Reached skill level 6 in Armour
  5973 | D:6      | 5973 ||| DRINKING 6 potions of curing.
  5973 | D:6      | 5973 ||| (to cure confusion)
  6098 | D:6      | Noticed Prince Ribbit
  6123 | D:6      | 6123 ||| FLEEEEING.
  6124 | D:6      | 6124 ||| FLEEEEING.
  6134 | D:6      | Killed Prince Ribbit
  6344 | D:6      | 6344 ||| DROPPING +2 flail of holy wrath.
  6476 | D:6      | 6476 ||| READING scroll of acquirement.
  6476 | D:6      | 6476 ||| ACQUIRING ring of protection from cold
  6476 | D:6      | Acquired a ring of protection from cold
  6478 | D:6      | 6478 ||| UPGRADING to ring of protection from cold.
  6488 | D:6      | Found a runed translucent door.
  6488 | D:6      | Noticed qw's ghost (novice GrFi)
  6592 | D:6      | 6592 ||| DROPPING ring of magical power.
  6593 | D:6      | 6593 ||| READING 2 scrolls of identify.
  6593 | D:6      | 6593 ||| IDENTIFYING murky puce potion
  6594 | D:6      | 6594 ||| DROPPING potion of flight.
  6654 | D:7      | Reached skill level 9 in Axes
  6727 | D:7      | 6727 ||| Stepping ~*~*~tactically~*~*~ (hiding).
  6737 | D:7      | Reached * piety under Okawaru
  6742 | D:7      | 6742 ||| INVOKING Heroism.
  6749 | D:7      | Reached skill level 1 in Invocations
  6757 | D:7      | 6757 ||| INVOKING Heroism.
  6762 | D:7      | Reached skill level 3 in Invocations
  6769 | D:7      | 6769 ||| Stepping randomly (cloudy).
  6770 | D:7      | 6770 ||| INVOKING Heroism.
  6778 | D:7      | 6778 ||| Stepping ~*~*~tactically~*~*~ (stealth).
  6799 | D:7      | 6799 ||| INVOKING Heroism.
  6804 | D:7      | Reached ** piety under Okawaru
  6805 | D:7      | Reached XP level 10. HP: 51/63 MP: 7/13
  6860 | D:7      | 6860 ||| FLEEEEING.
  6861 | D:7      | 6861 ||| FLEEEEING.
  6862 | D:7      | 6862 ||| FLEEEEING.
  6863 | D:7      | 6863 ||| FLEEEEING.
  6868 | D:7      | 6868 ||| FLEEEEING.
  6869 | D:7      | 6869 ||| FLEEEEING.
  6870 | D:7      | 6870 ||| FLEEEEING.
  6871 | D:7      | 6871 ||| FLEEEEING.
  6876 | D:7      | 6876 ||| FLEEEEING.
  6877 | D:7      | 6877 ||| FLEEEEING.
  6878 | D:7      | 6878 ||| FLEEEEING.
  6879 | D:7      | 6879 ||| STAIRDANCE
  6928 | D:7      | Reached skill level 10 in Axes
  6990 | D:7      | 6990 ||| INVOKING Heroism.
  7063 | D:7      | 7063 ||| INVOKING Heroism.
  7180 | D:7      | 7180 ||| Stepping ~*~*~tactically~*~*~ (hiding).
  7204 | D:7      | 7204 ||| INVOKING Heroism.
  7207 | D:7      | 7207 ||| Stepping ~*~*~tactically~*~*~ (hiding).
  7252 | D:7      | 7252 ||| INVOKING Heroism.
  7401 | D:7      | 7401 ||| Stepping ~*~*~tactically~*~*~ (hiding).
  7402 | D:7      | 7402 ||| Stepping ~*~*~tactically~*~*~ (hiding).
  7403 | D:7      | 7403 ||| Stepping ~*~*~tactically~*~*~ (hiding).
  7404 | D:7      | 7404 ||| Stepping ~*~*~tactically~*~*~ (hiding).
  7608 | D:7      | Found a runed translucent gate.
  7608 | D:7      | Found a runed translucent gate.
  7611 | D:7      | Found a runed translucent gate.
  7693 | D:7      | Identified the +3 quarterstaff "Heajao" {holy, rN++ Will+
                  | Int-5}
  7771 | D:7      | 7771 ||| INVOKING Heroism.
  7792 | D:7      | Found a burning altar of Makhleb.
  7793 | D:7      | Found a snail-covered altar of Cheibriados.
  7946 | D:7      | Noticed qw's ghost (novice GrFi)
  7981 | D:8      | 7981 ||| STAIRDANCE
  8171 | D:8      | 8171 ||| Stepping ~*~*~tactically~*~*~ (stealth).
  8212 | D:8      | 8212 ||| Stepping ~*~*~tactically~*~*~ (hiding).
  8213 | D:8      | 8213 ||| Stepping ~*~*~tactically~*~*~ (hiding).
  8228 | D:8      | 8228 ||| INVOKING Heroism.
  8326 | D:8      | 8326 ||| Stepping ~*~*~tactically~*~*~ (hiding).
  8328 | D:8      | 8328 ||| Stepping ~*~*~tactically~*~*~ (hiding).
  8331 | D:8      | 8331 ||| Stepping ~*~*~tactically~*~*~ (hiding).
  8457 | D:8      | 8457 ||| Stepping ~*~*~tactically~*~*~ (hiding).
  8579 | D:8      | Identified the +7 spear of the Glimmering Queen {antimagic,
                  | rF+}
  8581 | D:8      | Noticed a six-headed hydra
  8597 | D:8      | 8597 ||| INVOKING Heroism.
  8748 | D:8      | 8748 ||| INVOKING Heroism.
  8781 | D:8      | 8781 ||| SWAPPING to +2 flail of draining.
  8787 | D:8      | 8787 ||| INVOKING Heroism.
  8790 | D:8      | Killed a six-headed hydra
  8791 | D:8      | Reached skill level 11 in Axes
  8791 | D:8      | 8791 ||| SWAPPING to +0 war axe of chaos.
  9030 | D:8      | Found an ornate altar of the Wu Jian Council.
  9053 | D:8      | Noticed a boulder beetle
  9054 | D:8      | 9054 ||| INVOKING Heroism.
  9066 | D:8      | 9066 ||| INVOKING Heroism.
  9074 | D:8      | Slain by a boulder beetle

Levels and vault maps discovered:
D:1:      heliophobic_arrival_henge, layout_loops_ring, minmay_misc_feat_rows,
          nicolae_concentric_dashed_squares_wild, grunt_decor_cap,
          serial_bayou_pond_c
D:2:      layout_rooms, basic_altar, nicolae_eternal_life
D:3:      layout_loops_ring, ebering_ghost_disaster_area, serial_bayou_crossing,
          uniq_robin
D:4:      layout_basic, uniq_edmund
D:5:      layout_basic, serial_shops, nicolae_shop_hallway_plus,
          item_on_display_a
D:6:      layout_loops_ring, temple_fountains, hellmonk_ghost_happy_afterlife,
          dreamdust_mushroom_princess, uniq_prince_ribbit1
D:7:      nzn_winding_woodlands_cross [nzn_winding_woodlands_5x15_jagged,
          nzn_winding_woodlands_5x15_sawtooth,
          nzn_winding_woodlands_5x15_river_crossing,
          nzn_winding_woodlands_5x15_split_checker,
          nzn_winding_woodlands_15x15_killbox], layout_rooms,
          nicolae_overflow_squiral, ebering_ghost_rock_garden
D:8:      minmay_clustersquares, layout_gridville,
          pdpol_wu_jian_five_deadly_venoms
Temple:   nicolae_temple_bog_church

Skill      XL: |  1  2  3  4  5  6  7  8  9 10 |
---------------+-------------------------------+-----
Axes           | 2 3 4 5 6 7 8 9 11 | 11.1
Fighting       | 4 5 6 7 8 |  8.2
Armour         | 4 5 6 7 |  7.0
Dodging        | 1 |  1.1
Shields        | 4 5 |  5.0
Invocations    | 4 |  4.0

Action                   |  1- 3 |  4- 6 |  7- 9 | 10-12 || total
-------------------------+-------+-------+-------+-------++-------
Melee: War axe           |   115 |   125 |   270 |   162 ||   672
       Flail             |       |       |       |     8 ||     8
Invok: Heroism           |       |       |     4 |    11 ||    15
  Use: Scroll            |    11 |     5 |     7 |       ||    23
       Potion            |     3 |       |     1 |       ||     4
Armor: Scale mail        |    35 |       |       |       ||    35
       Chain mail        |    32 |    96 |       |       ||   128
       Plate armour      |       |       |   230 |   156 ||   386
Dodge: Dodged            |    37 |    33 |    68 |    58 ||   196
Block: Buckler           |    13 |    15 |    50 |    42 ||   120

Table legend:
 A = Non-vault XP
 B = Vault XP
 C = Vault XP percentage of total XP
 D = Non-vault monster count
 E = Vault monster count
 F = Vault count percentage of total count
                 A         B        C        D         E       F
            +---------+---------+-------+---------+---------+-------
      Total |    4263 |    4056 |  48.8 |     140 |      48 |  25.5
            +---------+---------+-------+---------+---------+-------
        D:1 |      43 |       0 |   0.0 |      17 |       0 |   0.0
        D:2 |      25 |       0 |   0.0 |      14 |       0 |   0.0
        D:3 |     136 |      34 |  20.0 |      18 |      11 |  37.9
        D:4 |     217 |     169 |  43.8 |      14 |       1 |   6.7
        D:5 |     970 |       0 |   0.0 |      21 |       0 |   0.0
        D:6 |    1075 |     274 |  20.3 |      19 |       1 |   5.0
        D:7 |     870 |    2107 |  70.8 |      23 |      26 |  53.1
        D:8 |     927 |    1472 |  61.4 |      14 |       9 |  39.1
            +---------+---------+-------+---------+---------+-------
